 Dungeon Crawl Stone Soup version 0.26-a0-21-gf97e55dc39 (webtiles) character file.

Game seed: 9270514248521169009, levelgen mode: deterministic

63 MisterFreud the Skirmisher (level 4, 0/33 HPs)
             Began as an Octopode Gladiator on May 26, 2020.
             Slain by a river rat (5 damage)
             ... in a sewer.
             The game lasted 00:01:27 (1052 turns).

MisterFreud the Skirmisher (Octopode Gladiator)     Turns: 1052, Time: 00:01:27

Health: 0/33       AC:  1    Str: 13    XL:     4   Next: 9%
Magic:  4/4        EV: 14    Int: 11    God:
Gold:   27         SH:  0    Dex: 13    Spells: 3/3 levels left

rFire    . . .     SeeInvis +   a - +0 long sword
rCold    . . .     Gourm    .   (no shield)
rNeg     . . .     Faith    .   b - +0 hat
rPois    .         Spirit   .   (no amulet)
rElec    .         Reflect  .   g - ring of see invisible
rCorr    .         Harm     .   (no ring)
MR       .....                  (no ring)
Stlth    ++........             (no ring)
HPRegen  0.11/turn              (no ring)
MPRegen  0.09/turn              (no ring)
                                (no ring)
                                (no ring)

@: no status effects
A: almost no armour, stealthy swim, amphibious, 8 rings, constrict 8, camouflage
1, gelatinous body 1
a: no special abilities


You were in a sewer.
You were not hungry.

You visited 1 branch of the dungeon, and saw 3 of its levels.
You also visited: Sewer.

You collected 27 gold pieces.

Inventory:

Hand Weapons
 a - a +0 long sword (weapon)
Missiles
 c - 3 throwing nets (quivered)
Armour
 b - a +0 hat (worn)
Jewellery
 g - a ring of see invisible (left tentacle)
Potions
 e - a potion of haste
 h - a potion of resistance {unknown}
 i - a potion of mutation {unknown}
 j - a potion of curing {unknown}
 m - a potion of stabbing {unknown}
Comestibles
 d - 2 rations
 f - 3 chunks of flesh


   Skills:
 - Level 4.0 Fighting
 + Level 3.3 Long Blades
 - Level 2.0 Throwing
 - Level 3.0 Dodging


You had 3 spell levels left.
You didn't know any spells.
Your spell library was empty.

Dungeon Overview and Level Annotations

Branches:
Dungeon (2/15)              Sewer (1/1)

Altars:


Innate Abilities, Weirdness & Mutations

You cannot wear most types of armour.
You are very stealthy in the water. (Stealth+)
You are amphibious.
You can wear up to eight rings at the same time.
You can use your tentacles to constrict eight enemies at once.
Your skin changes colour to match your surroundings (Stealth+).
Your rubbery body absorbs attacks. (AC +1, EV +1)


Message History

The river rat bites you!
You barely miss the river rat. You grab the river rat.
You constrict the river rat. The river rat closely misses you.
The river rat barely misses you. The rat barely misses you.
You riposte.
You slash the rat!
You kill the rat!
You hit the river rat but do no damage. Your squeeze misses the river rat.
The river rat is lightly wounded.
You constrict the river rat. The river rat bites you! The river rat bites you.
You barely miss the river rat.
The river rat is moderately wounded.
You constrict the river rat, but do no damage.
The river rat completely misses you. The river rat barely misses you.
The river rat closely misses you.
You hit the river rat.
The river rat is severely wounded.
You constrict the river rat. The river rat bites you! The river rat bites you.
* * * LOW HITPOINT WARNING * * *
The river rat bites you.
You die...

≈≈≈≈≈...##
≈≈≈≈.....##
≈≈≈≈≈......#
≈≈≈≈.......#
≈≈≈≈.......
≈≈≈≈......#
≈≈≈≈...rr.#
≈≈≈≈....@#
≈≈.......####
≈≈......###"#
≈≈≈.....###.#
≈≈≈......#..#
≈≈≈........##
≈≈≈.......##
≈≈≈≈.....##
≈≈≈≈.....#


You could see 2 river rats.

Vanquished Creatures
  3 adders (D:2)
  A dart slug (D:1)
  A leopard gecko (D:2)
  A ball python (D:1)
  5 bats
  4 giant cockroaches
  3 goblins (D:1)
  A hobgoblin (D:1)
  5 jackals (D:1)
  A quokka (D:2)
  A frilled lizard (D:1)
  2 kobolds (D:1)
  4 rats
32 creatures vanquished.

Notes
Turn   | Place    | Note
-------+----------+-------------------------------------------
     0 | D:1      | MisterFreud the Octopode Gladiator began the quest for the
                  | Orb.
     0 | D:1      | Reached XP level 1. HP: 14/14 MP: 1/1
   112 | D:1      | Reached XP level 2. HP: 20/20 MP: 2/2
   275 | D:1      | Reached skill level 3 in Fighting
   486 | D:1      | Reached XP level 3. HP: 26/26 MP: 3/3
   849 | D:2      | Reached skill level 4 in Fighting
   891 | D:2      | Reached XP level 4. HP: 33/33 MP: 4/4
  1017 | D:2      | You fall into a shaft and drop 2 floors!
  1017 | D:4      | Found a glowing drain.
  1029 | Sewer    | Entered a sewer
  1052 | Sewer    | Slain by a river rat

Illustrated notes

Levels and vault maps discovered:
D:1:      lightli_iron_boxes, layout_basic
D:2:      layout_loops_ring
D:4:      layout_loops_ring, minmay_temple_entry_from_below_b, serial_shops,
          shop, cheibrodos_sewer_entry_sluice, dk_rats_in_the_wall, uniq_robin,
          uniq_edmund
Sewer:    sewer_minmay_treatment

Skill      XL: |  1  2  3 |
---------------+----------+-----
Fighting       | 3 4 |  4.0
Long Blades    | |  3.3
Throwing       | |  2.0
Dodging        | |  3.0

Action                   |  1- 3 |  4- 6 || total
-------------------------+-------+-------++-------
Melee: Long sword        |    38 |    11 ||    49
       Constrict         |    18 |     2 ||    20
       Tentacles         |     8 |       ||     8
  Use: Scroll            |       |     4 ||     4
 Stab: Sleeping          |     3 |       ||     3
Armor: Skin              |     3 |       ||     3
Dodge: Dodged            |    28 |    11 ||    39
       Rpst.: Long sword |    11 |     2 ||    13

Table legend:
 A = Non-vault XP
 B = Vault XP
 C = Vault XP percentage of total XP
 D = Non-vault monster count
 E = Vault monster count
 F = Vault count percentage of total count
                 A         B        C        D         E       F
            +---------+---------+-------+---------+---------+-------
      Total |      87 |       3 |   3.3 |      29 |       3 |   9.4
            +---------+---------+-------+---------+---------+-------
        D:1 |      38 |       0 |   0.0 |      21 |       0 |   0.0
        D:2 |      49 |       0 |   0.0 |       8 |       0 |   0.0
        D:4 |       0 |       1 | 100.0 |       0 |       1 | 100.0
      Sewer |       0 |       2 | 100.0 |       0 |       2 | 100.0
            +---------+---------+-------+---------+---------+-------
